 Dungeon Crawl Stone Soup version 0.13.1-28-g3517093 (webtiles) character file.

503 Magician the Poker (level 7, 0/55 HPs)
             Began as a Merfolk Berserker on Mar 5, 2014.
             Was a Believer of Trog.
             Killed by an exploding giant spore (23 damage)
             ... on Level 5 of the Dungeon.
             The game lasted 00:08:38 (645 turns).

Magician the Poker (Merfolk Berserker)               Turns: 645, Time: 00:08:38

HP   0/55        AC 12     Str 20      XL: 7   Next:  2%
MP   6/6         EV  9     Int  7      God: Trog [**....]
Gold 60          SH  0     Dex 15      Spells:  0 memorised,  6 levels left

Res.Fire  : . . .   See Invis. : .   j - +0 halberd
Res.Cold  : . . .   Warding    : .   g - +1 dwarf scale mail
Life Prot.: . . .   Conserve   : .   (no shield)
Res.Poison: .       Res.Corr.  : .   (no helmet)
Res.Elec. : .       Clarity    : .   l - +0 cloak (curse)
Sust.Abil.: . .     Spirit.Shd : .   i - +2 pair of gauntlets {Str+3}
Res.Mut.  : .       Stasis     : .   (no boots)
Res.Rott. : .       Flight     : .   (no amulet)
Saprovore : . . .                    (no ring)
                                     (no ring)

@: confused, exhausted, slowed, very slow, slightly resistant to hostile
enchantments, extremely unstealthy
A: change form in water, swift swim
a: Burn Spellbooks, Berserk, Trog's Hand, Renounce Religion


You were on level 5 of the Dungeon.
You worshipped Trog.
Trog was pleased with you.
You were not hungry.

You visited 2 branches of the dungeon, and saw 6 of its levels.

You collected 40 gold pieces.

Inventory:

Hand weapons
 a - a +0,+0 spear {=f}
 h - a +0,+5 dwarven short sword of venom
 j - a +0,+0 halberd (weapon)
Armour
 b - a +1 dwarven chain mail
 d - a +0 plate armour
 g - a +1 dwarven scale mail (worn)
 i - a +2 pair of gauntlets of strength (worn)
 l - a cursed +0 cloak (worn)
 q - a +1 orcish leather armour of positive energy
Comestibles
 c - 4 bread rations
 s - 3 chunks of centaur flesh
Scrolls
 e - a scroll of enchant armour {unknown}
 f - a scroll of recharging {unknown}
 n - a scroll of identify {unknown}
 o - a scroll of enchant weapon II {unknown}
 p - 2 scrolls of magic mapping {unknown}
Jewellery
 r - a cursed -3 ring of intelligence {unknown}
Potions
 m - a potion of might {unknown}


   Skills:
 * Level 5.3 Fighting
 + Level 6.6 Polearms
 * Level 3.3 Armour
 + Level 4.1 Dodging


You had 6 spell levels left.
You didn't know any spells.

Dungeon Overview and Level Annotations

Branches:
Dungeon (5/27)             Temple (1/1) D:4

Altars:

Shops:
D:5 (


Message History

You reach to attack!
You miss the adder. The adder bites you but does no damage.
You hit the adder.
The adder is lightly wounded.
The adder bites you but does no damage.
Use which ability? (? or * to list) You're too exhausted to go berserk.
Drink which item? (? for menu, Esc to quit)
Okay, then.
Unknown command.
Drink which item? (? for menu, Esc to quit)
You feel yourself slow down.
It was a potion of slowing.
The adder bites you but does no damage.
The giant spore explodes!
The adder appears confused.
The explosion of spores engulfs the adder.
The adder dies!
The explosion of spores engulfs you!
You are confused.
You die...

. ... ..f. . ... .....
... .... ...... ....
.... .......###.....
.... ........#.......
.... .................
.... ..................
... ........@.........
... ...................
... .!................
.. ..................
.. ...................
...
.............[.........
......................
.......................
........)).............


There were no monsters in sight!

Vanquished Creatures
  2 ogres (D:4)
  A centaur (D:5)
  2 crimson imps (D:5)
  2 worker ants
  2 adders
  4 gnolls (D:3)
  An inept feature mimic (D:3)
  A giant gecko (D:3)
  2 orcs
  3 bats
  A goblin (D:3)
  A goblin skeleton (D:4)
  3 kobolds
  A quokka (D:3)
  5 rats
31 creatures vanquished.

Vanquished Creatures (others)
  A crimson imp (D:5)
  3 adders (D:5)
  A bat zombie (D:5)
  A bat (D:5)
  A kobold (D:5)
  A rat (D:5)
8 creatures vanquished.

Grand Total: 39 creatures vanquished

Notes
Turn   | Place    | Note
--------------------------------------------------------------
     0 | D:1      | Magician, the Merfolk Berserker, began the quest for the Orb.
     0 | D:1      | Reached XP level 1. HP: 18/18 MP: 0/0
   145 | D:3      | Reached XP level 2. HP: 24/24 MP: 1/1
   151 | D:3      | Reached XP level 3. HP: 30/30 MP: 2/2
   163 | D:3      | Reached skill level 5 in Polearms
   255 | D:3      | Acquired Trog's second power
   261 | D:4      | Noticed an ogre
   266 | D:4      | Noticed an ogre
   268 | D:4      | Killed an ogre
   268 | D:4      | Reached XP level 4. HP: 22/37 MP: 3/3
   268 | D:4      | Reached XP level 5. HP: 25/42 MP: 4/4
   274 | D:4      | Killed an ogre
   274 | D:4      | Reached XP level 6. HP: 33/49 MP: 5/5
   313 | D:3      | Reached skill level 6 in Polearms
   414 | D:4      | Found a staircase to the Ecumenical Temple.
   424 | Temple   | Entered the Ecumenical Temple
   449 | D:5      | Entered Level 5 of the Dungeon
   504 | D:5      | Reached skill level 5 in Fighting
   517 | D:5      | HP: 2/49 [kobold/dwarven short sword of venom (2)]
   579 | D:5      | Found Qaostuj's Antique Weapon Boutique.
   618 | D:5      | Reached XP level 7. HP: 26/55 MP: 6/6
   645 | D:5      | Killed by an exploding giant spore

Action                   |  1- 3 |  4- 6 |  7- 9 || total
-------------------------+-------+-------+-------++-------
Melee: Spear             |    31 |       |       ||    31
       Halberd           |    17 |    71 |     3 ||    91
Invok: Berserk           |     2 |     2 |       ||     4
       Trog's Hand       |     1 |     1 |       ||     2
  Use: Potion            |       |     1 |     1 ||     2
